 Dungeon Crawl Stone Soup version 0.23-a0-490-ge7ea69a (webtiles) character file.

8773 Firecrotchwizard the Slicer (level 11, -1/59 HPs)
             Began as a Vine Stalker Assassin on Dec 2, 2018.
             Was an Initiate of Uskayaw.
             Slain by a black mamba (16 damage)
             ... on level 1 of the Lair of Beasts.
             The game lasted 00:35:34 (10805 turns).

Firecrotchwizard the Slicer (VSAs)                 Turns: 10805, Time: 00:35:35

Health: -1/59      AC:  7    Str: 19    XL:     11   Next: 36%
Magic:  0/17       EV: 16    Int: 11    God:    Uskayaw [......]
Gold:   633        SH:  0    Dex: 17    Spells: 8/10 levels left

rFire    . . .     SeeInvis .   p - +0 dagger (venom)
rCold    + . .     Gourm    .   (no shield)
rNeg     . . .     Faith    .   c - +0 robe
rPois    .         Spirit   +   D - +0 helmet
rElec    .         Reflect  .   d - +0 cloak
rCorr    .         Harm     .   H - +0 pair of gloves
MR       ++...                  A - +1 pair of boots
Stlth    ++++......             (no amulet)
HPRegen  0.59/turn              K - +4 ring of slaying
MPRegen  0.15/turn              I - ring of Pegac {rC+ MR+ Str+3}

@: no status effects
A: fangs 3, regeneration 1, magic shield, antimagic bite, no potion heal 3, rot
immunity
a: Renounce Religion


You were on level 1 of the Lair of Beasts.
You worshipped Uskayaw.
Uskayaw was noncommittal.
You were very hungry.

You visited 3 branches of the dungeon, and saw 13 of its levels.

You collected 633 gold pieces.

Inventory:

Hand Weapons
 a - a +2 dagger
 b - a +0 blowgun
 j - a +0 club
   (You took it off a goblin on level 1 of the Dungeon)
 p - a +0 dagger of venom (weapon)
   (You took it off a goblin on level 2 of the Dungeon)
 v - a +5 hunting sling of freezing
   (You took it off Joseph on level 7 of the Dungeon)
Missiles
 e - 62 poisoned needles
 f - 2 curare-tipped needles
 w - 67 sling bullets
 x - 3 throwing nets {=f, !d}
Armour
 c - a +0 robe (worn)
 d - a +0 cloak (worn)
 A - a +1 pair of boots (worn)
   (You found it on level 4 of the Dungeon)
 D - a +0 helmet (worn)
   (You found it on level 8 of the Dungeon)
 H - a +0 pair of gloves (worn)
   (You found it on level 6 of the Dungeon)
Jewellery
 i - an uncursed ring of poison resistance {rPois, !d}
   (You found it on level 1 of the Dungeon)
 t - an uncursed ring of ice {rC+, rF-}
   (You found it on level 7 of the Dungeon)
 u - an uncursed ring of see invisible {sInv, !d}
   (You found it on level 2 of the Dungeon)
 I - the ring of Pegac (right hand) {rC+ MR+ Str+3}
   (You found it on level 6 of the Dungeon)

   [ring of protection from cold]

   It affects your strength (+3).
   It protects you from cold.
   It affects your resistance to hostile enchantments.
 K - a +4 ring of slaying (left hand)
   (You found it on level 9 of the Dungeon)
 O - a +3 amulet of reflection {unknown}
   (You found it on level 1 of the Lair of Beasts)
Wands
 n - a wand of polymorph (6)
   (You found it on level 8 of the Dungeon)
 y - a wand of iceblast (21)
   (You took it off Ijyb on level 3 of the Dungeon)
 E - a wand of random effects (22)
   (You found it on level 9 of the Dungeon)
 M - a wand of disintegration (6)
   (You found it on level 1 of the Lair of Beasts)
Scrolls
 h - 5 scrolls of identify
 q - 4 scrolls of remove curse
 s - 6 scrolls of teleportation
 B - 4 scrolls of fear
 F - a scroll of magic mapping {!r}
 L - 2 scrolls of vulnerability {!r!r}
 N - a scroll of enchant armour
 P - a scroll of amnesia
Potions
 k - 4 potions of agility
 l - 7 potions of curing
 m - 7 potions of flight
 o - 2 potions of lignification {unknown}
 r - a potion of heal wounds {unknown}
 z - a potion of cancellation {unknown}
 C - 4 potions of brilliance
 G - a potion of magic {unknown}
 J - 3 potions of haste
Comestibles
 g - 18 rations


   Skills:
 + Level 7.7 Fighting
 - Level 10.0 Short Blades
 - Level 2.0 Throwing
 + Level 6.4 Dodging
 - Level 7.0 Stealth
 + Level 6.8 Invocations


You had 8 spell levels left.
You knew the following spells:

 Your Spells              Type           Power        Failure   Level  Hunger
b - Blink                 Tloc           N/A          47%         2    ###....

Your spell library contained the following spells:

 Spells                   Type           Power        Failure   Level  Hunger
 Beastly Appendage        Tmut           #.....       34%         1    ##.....
 Magic Dart               Conj           #...         34%         1    ##.....
 Call Imp                 Summ           #.......     47%         2    ###....
 Poisonous Vapours        Pois/Air       #.....       47%         2    ###....
 Slow                     Hex            #.......     47%         2    ###....
 Sticks to Snakes         Tmut           #.......     47%         2    ###....
 Conjure Flame            Conj/Fire      #.......     71%         3    ####...
 Mephitic Cloud           Conj/Pois/Air  #.......     71%         3    ####...
 Spider Form              Tmut/Pois      #.........   71%         3    ####...
 Ice Form                 Ice/Tmut       #.......     98%         4    #####..
 Blade Hands              Tmut           #.........   100%        5    ######.
 Freezing Cloud           Conj/Ice/Air   #.........   100%        6    #######
 Ring of Flames           Chrm/Fire      #.........   100%        7    #######


Dungeon Overview and Level Annotations

Branches:
Dungeon (11/15)            Temple (1/1) D:6            Lair (1/6) D:10
    Orc: D:9-12

Altars:
Ashenzari
Cheibriados
Dithmenos
Elyvilon
Fedhas
Kikubaaqudgha
Makhleb
Nemelex Xobeh
Okawaru
Qazlal
Ru
Trog
Uskayaw
Vehumet
Xom
Yredelemnul
Zin
The Shining One

Annotations:
D:2 exclusions: door and jelly
D:3 exclusions: orc and orc priest
D:8 3 runed doors, Nornya's ghost, novice DDFi
D:10 exclusion: gargoyle


Innate Abilities, Weirdness & Mutations

You have razor-sharp teeth.
Your natural rate of healing is unusually fast.
When hurt, damage is shared between your health and your magic reserves.
Your bite disrupts and absorbs the magic of your enemies.
Potions cannot restore your health.
You are immune to rotting.


Message History

You take 4 damage, and have 54/58 hp.
You now have 16/17 mp.
You completely miss the blink frog. You hit the blink frog.
The blink frog is poisoned.
Your bite misses the blink frog. The blink frog hits you!
You take 8 damage, and have 47/58 hp.
You now have 13/17 mp.
You miss the blink frog. Your bite misses the blink frog.
The blink frog closely misses you.
You barely miss the blink frog. You barely miss the blink frog.
Your bite misses the blink frog. The blink frog hits you!
You take 9 damage, and have 39/58 hp.
You now have 11/17 mp.
You miss the blink frog. Your bite misses the blink frog.
The blink frog hits you!
You take 7 damage, and have 32/58 hp.
You now have 9/17 mp.
You are too injured to fight recklessly!
You are too injured to fight recklessly!
You are too injured to fight recklessly!
You are too injured to fight recklessly!
You hit the blink frog. You bite the blink frog!
The blink frog's magic leaks into the air.
You drain its magic.
You feel invigorated.
MP restored: 17 You barely miss the blink frog.
Your bite misses the blink frog. The blink frog closely misses you.
You hit the blink frog.
The blink frog looks as sick as possible!
You bite the blink frog.
You kill the blink frog!
You can now pass through a line of other dancers.
You start resting.
You can no longer pass through a line of other dancers.
You are feeling hungry.
You regained 12 hp, and now have 46/59 hp.
You start resting.
Health restored: 59 You may need something to eat soon, looking for food.
Can't find anything matching that.
Okay, then.
P - a scroll of amnesia You now have 633 gold pieces (gained 7).
h - 5 scrolls of identify (gained 1)
A yak comes into view.
A yak is nearby! 2 yaks come into view.
The yak bellows!
You hear a bellow!
You hear an angry hiss.
You hear a bellow!
A yak comes into view.
A black mamba comes into view.
A yak comes into view.
A water moccasin and 2 yaks come into view.
The yak closely misses you.
A bullfrog comes into view.
You barely miss the yak.
The yak bellows! x2
The yak gores you but does no damage.
The bullfrog gives a loud, deep croak!
The water moccasin hisses angrily.
The yak bellows!
The black mamba hisses angrily.
You hit the yak.
The yak is poisoned.
You bite the yak! You drain its power. You hit the yak but do no damage.
The yak looks as sick as possible!
Your bite misses the yak. The yak closely misses you.
You hit the yak.
The yak looks as sick as possible!
You bite the yak! You drain its power. The yak misses you.
You hit the yak.
The yak looks as sick as possible!
You bite the yak! You drain its power.
You can now pass through a line of other dancers.
You kill the yak!
The black mamba closely misses you. The black mamba completely misses you.
The black mamba bites you! The bullfrog barely misses you.
You take 9 damage, and have 50/59 hp.
You now have 14/17 mp.
The black mamba misses you.
You can no longer pass through a line of other dancers.
The bullfrog closely misses you. The black mamba bites you!
The bullfrog hits you but does no damage.
The black mamba bites you.
You are poisoned.
The black mamba poisons you!
You take 13 damage, and have 38/59 hp.
MASSIVE DAMAGE!!
You now have 10/17 mp.
You feel sick.
You take 2 damage, and have 36/59 hp.
You stomp with the beat, sending a shockwave through the revelers around you!
You are feeling very hungry.
You can no longer stomp with the beat.
You feel sick. The black mamba barely misses you.
The bullfrog barely misses you. The bullfrog hits you.
You take 3 damage, and have 33/59 hp.
You now have 8/17 mp.
You feel sick. The black mamba completely misses you.
The black mamba bites you.
You are more poisoned.
The black mamba poisons you!
You take 4 damage, and have 29/59 hp.
You now have 6/17 mp.
Okay, then.
Unknown command.
Your system rejects the healing.
You feel better. The black mamba bites you!
* * * LOW HITPOINT WARNING * * *
The bullfrog closely misses you. The bullfrog hits you.
* * * LOW HITPOINT WARNING * * *
The black mamba bites you!!
You die...

####..# ###
#P..# ##.#.#
#..## ##..#
##### ##..#
#..# ##.#
#..# #.#
##..# #.##
#P..# #..#
##..# ##.##
##.#
####..####
#.@##
#.##.....##
##FS##
####........#


#SYY# #............# #YY## .............###Y.# ........[.....#...######.#
..............#..........# ..............Y.....##...# .........................#
You could see a black mamba, 5 yaks, a water moccasin and a bullfrog.

Vanquished Creatures
  Pikel (D:8)
  2 centaur zombies (D:10)
  Joseph (D:7)
  A meliai (D:10)
  A troll (D:10)
  3 blink frogs (Lair:1)
  9 yaks
  2 wargs (D:10)
  7 water moccasins
  3 porcupines (Lair:1)
  2 orc warriors
  2 sky beasts
  4 ogres
  A phantom (D:10)
  A black bear (D:6)
  A necrophage (D:7)
  4 centaurs
  A crocodile (D:9)
  A big kobold (D:9)
  11 bullfrogs
  A wyvern skeleton (D:8)
  5 scorpions
  An electric eel (D:7)
  2 howler monkeys
  3 jellies
  5 crimson imps
  A bullfrog zombie (D:10)
  6 orc priests
  Ijyb (D:3)
  10 orc wizards
  2 iguanas
  3 worker ants
  A hound zombie (D:7)
  A hound skeleton (D:9)
  A howler monkey zombie (D:7)
  3 worker ant zombies
  4 gnolls (D:6)
  17 adders
  4 shadow imps
  An ooze (D:2)
  4 worms
  2 adder skeletons (D:9)
  A dart slug (D:1)
  7 leopard geckos
  34 orcs
  4 giant cockroaches
  5 hobgoblins
  21 jackals
  5 quokkas
  3 bats
  3 frilled lizards
  10 goblins
  A jackal zombie (D:5)
  18 kobolds
  A quokka skeleton (D:5)
  6 rats
255 creatures vanquished.

Vanquished Creatures (others)
  2 slaves (D:8)
  A centaur (D:8)
  A howler monkey (D:8)
  A centaur skeleton (D:8)
  An adder (D:8)
  2 orcs (D:8)
  9 toadstools (D:2)
  2 withered plants (D:8)
19 creatures vanquished.

Grand Total: 274 creatures vanquished

Notes
Turn   | Place    | Note
-------+----------+-------------------------------------------
     0 | D:1      | Firecrotchwizard the Vine Stalker Assassin began the quest
                  | for the Orb.
     0 | D:1      | Reached XP level 1. HP: 11/11 MP: 2/2
    43 | D:1      | HP: 2/11 [jackal (1)]
    47 | D:1      | Reached skill level 1 in Dodging
    47 | D:1      | Reached skill level 5 in Stealth
    47 | D:1      | Reached XP level 2. HP: 3/15 MP: 3/3
    79 | D:1      | Reached skill level 2 in Throwing
    82 | D:1      | Reached skill level 2 in Fighting
    82 | D:1      | Reached skill level 2 in Short Blades
   521 | D:1      | Reached XP level 3. HP: 15/18 MP: 4/4
  1449 | D:2      | Gained mutation: Your natural rate of healing is unusually
                  | fast. [Vine Stalker growth]
  1449 | D:2      | Reached XP level 4. HP: 9/23 MP: 5/5
  1703 | D:2      | Reached skill level 3 in Short Blades
  2333 | D:2      | Found a faded altar of an unknown god.
  2561 | D:3      | Reached skill level 2 in Dodging
  2561 | D:3      | Reached XP level 5. HP: 19/26 MP: 4/6
  2802 | D:3      | Noticed Ijyb
  3096 | D:3      | Reached skill level 6 in Stealth
  3270 | D:3      | Killed Ijyb
  3270 | D:3      | Reached skill level 4 in Short Blades
  3270 | D:3      | Reached XP level 6. HP: 12/30 MP: 3/7
  3621 | D:4      | Found a shadowy altar of Dithmenos.
  3967 | D:4      | Reached XP level 7. HP: 30/35 MP: 8/8
  3985 | D:4      | Reached skill level 3 in Dodging
  4060 | D:4      | Reached skill level 5 in Short Blades
  4129 | D:5      | Entered Level 5 of the Dungeon
  4252 | D:5      | Reached skill level 7 in Stealth
  4301 | D:5      | Found a glowing golden altar of the Shining One.
  5025 | D:6      | Noticed a yak
  5026 | D:6      | Noticed a yak
  5070 | D:6      | Found a sparkling altar of Nemelex Xobeh.
  5132 | D:6      | Gained mutation: You have razor-sharp teeth. [Vine Stalker
                  | growth]
  5132 | D:6      | Reached XP level 8. HP: 26/39 MP: 7/9
  5191 | D:6      | Reached skill level 6 in Short Blades
  5255 | D:6      | Noticed a yak
  5255 | D:6      | Noticed a yak
  5281 | D:6      | Killed a yak
  5281 | D:6      | Reached skill level 3 in Fighting
  5306 | D:5      | Killed a yak
  5306 | D:5      | Reached skill level 4 in Dodging
  5464 | D:6      | Got a slimy marble ring
  5487 | D:6      | Identified the ring of Pegac {rC+ MR+ Str+3} (You found it
                  | on level 6 of the Dungeon)
  5718 | D:6      | Killed a yak
  5718 | D:6      | Reached skill level 7 in Short Blades
  5745 | D:6      | Killed a yak
  5745 | D:6      | Reached skill level 4 in Fighting
  5745 | D:6      | Reached XP level 9. HP: 39/45 MP: 10/10
  5788 | D:6      | Found a staircase to the Ecumenical Temple.
  5800 | Temple   | Entered the Ecumenical Temple
  5838 | Temple   | Became a worshipper of Uskayaw the Reveler
  5919 | D:7      | Reached * piety under Uskayaw
  5927 | D:7      | Reached ** piety under Uskayaw
  6076 | D:7      | Found a stormy altar of Qazlal.
  6096 | D:7      | Found an iron altar of Okawaru.
  6141 | D:7      | Reached skill level 1 in Invocations
  6349 | D:7      | Found a shimmering altar of Xom.
  6366 | D:7      | Found a blossoming altar of Fedhas.
  6394 | D:7      | Reached skill level 8 in Short Blades
  6394 | D:7      | Reached *** piety under Uskayaw
  6797 | D:7      | Reached skill level 2 in Invocations
  6827 | D:8      | Noticed Pikel
  6866 | D:8      | Noticed Joseph
  6885 | D:7      | HP: 11/46 [Joseph/+0 quarterstaff (12)]
  6886 | D:7      | Killed Joseph
  7174 | D:8      | Found a runed door.
  7175 | D:8      | Noticed Nornya's ghost (novice DDFi)
  7214 | D:8      | Reached skill level 5 in Fighting
  7299 | D:8      | Killed Pikel
  7299 | D:8      | Reached skill level 9 in Short Blades
  7299 | D:8      | Reached skill level 3 in Invocations
  7363 | D:8      | Reached XP level 10. HP: 51/51 MP: 13/13
  7415 | D:8      | Reached **** piety under Uskayaw
  7488 | D:8      | Found a runed door.
  7531 | D:8      | Found a runed door.
  8008 | D:8      | Reached skill level 4 in Invocations
  8550 | D:9      | Found a shattered altar of Ashenzari.
  8652 | D:9      | Reached skill level 6 in Fighting
  9017 | D:9      | Learned a level 2 spell: Blink
  9072 | D:10     | Entered Level 10 of the Dungeon
  9152 | D:10     | Found a staircase to the Lair.
  9163 | D:10     | Reached skill level 10 in Short Blades
  9167 | D:10     | Reached skill level 5 in Dodging
  9169 | D:10     | Reached skill level 5 in Invocations
  9428 | D:10     | Noticed a gargoyle
  9616 | D:10     | Noticed a death knight
  9880 | D:10     | Reached skill level 7 in Fighting
  9880 | D:10     | Reached skill level 6 in Invocations
  9880 | D:10     | Reached XP level 11. HP: 47/58 MP: 16/16
  9952 | Lair:1   | Entered Level 1 of the Lair of Beasts
 10055 | Lair:1   | Reached skill level 6 in Dodging
 10805 | Lair:1   | Slain by a black mamba

Vault maps used:
D:1:      dpeg_arrival_long_road, grunt_decor_clamped
D:2:      cheibrodos_fertilizer, serial_forest, infiniplex_forest_corner_2,
          infiniplex_forest_straight_4, infiniplex_forest_clump_tiny,
          infiniplex_forest_lined_room_2, infiniplex_forest_clump_curved,
          infiniplex_forest_straight_5, infiniplex_forest_clump_small,
          infiniplex_forest_clump_tiny, infiniplex_forest_straight_2,
          chequers_ecumenical_altar_grove, first_ration, minivault_11,
          minmay_fractal_squares_5
D:3:      kb_forest_paths, uniq_ijyb
D:4:      nicolae_dithmenos_through_a_glass_darkly
D:5:      nicolae_tso_swordbearing_angel, grunt_decor_arrowhead
D:6:      minmay_temple_entry_statues, kennysheep_nub,
          nemelex_spade_bored_becter
D:7:      nicolae_overflow_quartered_altars, serial_bayou, serial_bayou_pond_d,
          serial_bayou_shore_a, serial_bayou_lagoon_a, serial_bayou_pond_d
D:8:      cheibrodos_histonic, gammafunk_ghost_grave, grunt_ogre_cave,
          wad_rectangle_vault, uniq_pikel, uniq_joseph, uniq_grum
D:9:      evilmike_ruin_ashenzari
D:10:     erik_lair_orcish_takeover, hangedman_decor_points, grunt_tough_drop
D:11:     minmay_the_grid_four_pointed_star
Temple:   nicolae_temple_elliptical
Lair:1:   beast_lair_carwin_7, infiniplex_staircase_pool, grunt_megastairs_5

Skill      XL: |  1  2  3  4  5  6  7  8  9 10 11 |
---------------+----------------------------------+-----
Dodging        | 1 2 3 4 5 6 |  6.4
Stealth        | 5 6 7 |  7.0
Throwing       | 2 |  2.0
Fighting       | 2 4 5 7 |  7.7
Short Blades   | 2 3 4 5 7 9 10 | 10.0
Invocations    | 3 6 |  6.8

Action                   |  1- 3 |  4- 6 |  7- 9 | 10-12 || total
-------------------------+-------+-------+-------+-------++-------
Melee: Dagger            |   117 |   187 |   334 |   316 ||   954
       Bite              |    29 |    53 |   121 |   122 ||   325
 Fire: Blowgun           |       |       |       |     6 ||     6
Invok: Line Pass         |       |       |     1 |     1 ||     2
       Stomp             |       |       |       |     3 ||     3
  Use: Scroll            |       |     2 |    12 |     3 ||    17
       Potion            |       |       |       |     1 ||     1
 Stab: Sleeping          |     8 |    12 |     8 |     6 ||    34
       Distracted        |       |       |     1 |     2 ||     3
       Paralysed         |       |       |       |     5 ||     5
  Eat: Chunk             |     2 |     8 |    10 |     8 ||    28
       Ration            |       |       |       |     1 ||     1
Armor: Robe              |    31 |    16 |    45 |    22 ||   114
       Scale mail        |       |       |       |    13 ||    13
Dodge: Dodged            |    56 |    92 |   164 |   125 ||   437

Table legend:
 A = Non-vault XP
 B = Vault XP
 C = Vault XP percentage of total XP
 D = Non-vault monster count
 E = Vault monster count
 F = Vault count percentage of total count
                 A         B        C        D         E       F
            +---------+---------+-------+---------+---------+-------
      Total |    9488 |    3046 |  24.3 |     217 |      38 |  14.9
            +---------+---------+-------+---------+---------+-------
        D:1 |      73 |       0 |   0.0 |      39 |       0 |   0.0
        D:2 |      48 |      34 |  41.5 |      10 |      13 |  56.5
        D:3 |     133 |      64 |  32.5 |      18 |       6 |  25.0
        D:4 |     445 |       0 |   0.0 |      23 |       0 |   0.0
        D:5 |     416 |       0 |   0.0 |      10 |       0 |   0.0
        D:6 |    1193 |       0 |   0.0 |      19 |       0 |   0.0
        D:7 |     917 |     423 |  31.6 |      24 |       1 |   4.0
        D:8 |     967 |     872 |  47.4 |      20 |       5 |  20.0
        D:9 |     827 |       0 |   0.0 |      25 |       0 |   0.0
       D:10 |    1819 |    1418 |  43.8 |      14 |      11 |  44.0
     Lair:1 |    2650 |     235 |   8.1 |      15 |       2 |  11.8
            +---------+---------+-------+---------+---------+-------

Vault maps used:
D:1:      dpeg_arrival_long_road, grunt_decor_clamped
D:2:      cheibrodos_fertilizer, serial_forest, infiniplex_forest_corner_2,
          infiniplex_forest_straight_4, infiniplex_forest_clump_tiny,
          infiniplex_forest_lined_room_2, infiniplex_forest_clump_curved,
          infiniplex_forest_straight_5, infiniplex_forest_clump_small,
          infiniplex_forest_clump_tiny, infiniplex_forest_straight_2,
          chequers_ecumenical_altar_grove, first_ration, minivault_11,
          minmay_fractal_squares_5
D:3:      kb_forest_paths, uniq_ijyb
D:4:      nicolae_dithmenos_through_a_glass_darkly
D:5:      nicolae_tso_swordbearing_angel, grunt_decor_arrowhead
D:6:      minmay_temple_entry_statues, kennysheep_nub,
          nemelex_spade_bored_becter
D:7:      nicolae_overflow_quartered_altars, serial_bayou, serial_bayou_pond_d,
          serial_bayou_shore_a, serial_bayou_lagoon_a, serial_bayou_pond_d
D:8:      cheibrodos_histonic, gammafunk_ghost_grave, grunt_ogre_cave,
          wad_rectangle_vault, uniq_pikel, uniq_joseph, uniq_grum
D:9:      evilmike_ruin_ashenzari
D:10:     erik_lair_orcish_takeover, hangedman_decor_points, grunt_tough_drop
D:11:     minmay_the_grid_four_pointed_star
Temple:   nicolae_temple_elliptical
Lair:1:   beast_lair_carwin_7, infiniplex_staircase_pool, grunt_megastairs_5

Table legend:
 A = Turns spent in this place as a percentage of turns spent in the entire game.
 B = Non-inter-level travel turns spent in this place as a percentage of non-inter-level travel turns spent in the entire game.
 C = Inter-level travel turns spent in this place as a percentage of turns spent in this place.
 D = Turns resting spent in this place as a percentage of non-inter-level travel turns spent in this place.
 E = Turns spent auto-exploring this place as a percentage of non-inter-level travel turns spent in this place.
 F = Non-inter-level travel turns spent in this place divided by the number of levels of this place that you've seen.
                   A       B       C       D       E      F
               +-------+-------+-------+-------+-------+----------------------
         Total | 100.0 | 100.0 |   4.0 |  16.4 |  60.2 | 797.6
       Dungeon |  91.5 |  91.4 |   4.1 |  16.6 |  60.0 | 861.6
        Temple |   0.6 |   0.4 |  41.8 |   0.0 |  76.9 |  39.0
          Lair |   7.9 |   8.2 |   0.1 |  15.3 |  62.4 | 852.0
               +-------+-------+-------+-------+-------+----------------------

Table legend:
 A = Kills in this place as a percentage of kills in entire the game.
 B = Kills by you in this place as a percentage of kills by you in the entire game.
 C = Kills by friends in this place as a percentage of kills by friends in the entire game.
 D = Other kills in this place as a percentage of other kills in the entire game.
 E = Experience gained in this place as a percentage of experience gained in the entire game.
 F = Experience gained in this place divided by the number of levels of this place that you have seen.
                   A       B       C       D       E      F
               +-------+-------+-------+-------+-------+----------------------
         Total | 100.0 | 100.0 |   N/A |   N/A | 100.0 | 964.2
       Dungeon |  93.3 |  93.3 |   N/A |   N/A |  77.0 | 877.2
          Lair |   6.7 |   6.7 |   N/A |   N/A |  23.0 | 2885.0
               +-------+-------+-------+-------+-------+----------------------
